 Dungeon Crawl Stone Soup version 0.20.0-10-g0535bb4 (webtiles) character file.

100 Inus the Magician (level 4, 0/33 HPs)
             Began as a Demonspawn Fire Elementalist on June 5, 2017.
             Was an Initiate of Vehumet.
             Slain by a gnoll
             ... wielding a +0 club
              (7 damage)
             ... on level 2 of the Dungeon.
             The game lasted 00:11:01 (2580 turns).

Inus the Magician (Demonspawn Fire Elementalist)    Turns: 2580, Time: 00:11:03

Health: 0/33       AC:  2    Str:  8    XL:     4   Next: 47%
Magic:  7/9        EV: 12    Int: 18    God:    Vehumet [......]
Gold:   70         SH:  4    Dex: 13    Spells: 6/10 levels left

rFire    . . .     SeeInvis .   d - +0 spear
rCold    . . .     Gourm    .   (no shield)
rNeg     . . .     Faith    .   a - +0 robe
rPois    .         Spirit   .   (no helmet)
rElec    .         Reflect  .   (no cloak)
rCorr    .         Harm     .   (no gloves)
MR       .....                  (no boots)
Stlth    ++........             (no amulet)
Regen    0.2/turn               (no ring)
MPRegen  0.2/turn               (no ring)

@: no status effects
A: large bone plates 1, demonic guardian 1
a: Renounce Religion


You were on level 2 of the Dungeon.
You worshipped Vehumet.
Vehumet was noncommittal.
You were not hungry.

You visited 1 branch of the dungeon, and saw 2 of its levels.

You collected 70 gold pieces.

Inventory:

Hand Weapons
 d - a +0 spear (weapon)
 g - a +0 mace
Armour
 a - a +0 robe (worn)
Jewellery
 f - an uncursed ring of positive energy {unknown}
 k - an uncursed ring of resist corrosion {unknown}
Scrolls
 e - a scroll of remove curse {unknown}
 j - a scroll of blinking {unknown}
 l - 4 scrolls of teleportation
Potions
 h - a potion of curing {unknown}
 m - a potion of ambrosia {unknown}
Books
 b - a book of Flames

   Spells                             Type                      Level
   a - Flame Tongue                   Conjuration/Fire             1
   b - Throw Flame                    Conjuration/Fire             2
   c - Conjure Flame                  Conjuration/Fire             3
   d - Inner Flame                    Hexes/Fire                   3
   e - Sticky Flame                   Conjuration/Fire             4
   f - Fireball                       Conjuration/Fire             5
Comestibles
 c - a bread ration
 i - 2 chunks of flesh


   Skills:
 - Level 2.0 Fighting
 - Level 1.7 Dodging
 - Level 1.7 Stealth
 * Level 3.9 Spellcasting
 - Level 1.0 Conjurations
 - Level 2.6 Fire Magic


You had 6 spell levels left.
You knew the following spells:

 Your Spells              Type           Power        Failure   Level  Hunger
a - Flame Tongue          Conj/Fire      ##...        7%          1    None
b - Conjure Flame         Conj/Fire      ##......     21%         3    ###....


Dungeon Overview and Level Annotations

Branches:
Dungeon (2/15)

Altars:
Vehumet


Innate Abilities, Weirdness & Mutations

You are partially covered in large bone plates. (SH +4)
A weak demonic guardian rushes to your aid.


Message History

You reach to attack!
You hit the gnoll.
The gnoll is lightly wounded.
Your white imp hits the gnoll.
Your white imp freezes the gnoll.
The gnoll hits you with a club.
Attack whom?
Press: ? - help, Dir - move target cursor, f/p - gnoll
Aim: a gnoll, wielding a club (heavily wounded)
You hit the gnoll.
The gnoll is severely wounded.
The giant cockroach bites your white imp.
Your white imp hits the giant cockroach but does no damage.
The gnoll hits you with a club!
* * * LOW HITPOINT WARNING * * *
You hit the gnoll.
The gnoll is almost dead.
The giant cockroach bites your white imp.
Your white imp hits the giant cockroach but does no damage.
The giant cockroach misses your white imp.
The gnoll hits you with a club!
You die...

### # #.. . . #.#
... #s. ... #g# ...
#g# #. #.# #.
#s#### ## #5g@.#
####.# #.# .. ##
#.# #.. . #.# ####
#..#### ##.## #..
...##
##...###.#######.#.
#.....##....#......
#...........#.#..#.


You could see a gnoll, a giant cockroach and a friendly white imp.

Vanquished Creatures
  2 adders (D:2)
  A gnoll (D:1)
  An ooze (D:2)
  3 worms (D:2)
  A leopard gecko (D:2)
  A ball python (D:1)
  5 bats
  2 giant cockroaches
  9 hobgoblins
  5 frilled lizards
  4 goblins
  9 kobolds
  3 rats
46 creatures vanquished.

Vanquished Creatures (collateral kills)
  2 gnolls (D:2)
2 creatures vanquished.

Grand Total: 48 creatures vanquished

Notes
Turn   | Place    | Note
-------+----------+-------------------------------------------
     0 | D:1      | Inus the Demonspawn Fire Elementalist began the quest for the Orb.
     0 | D:1      | Reached XP level 1. HP: 13/13 MP: 3/3
   157 | D:1      | Reached skill level 1 in Fighting
   677 | D:1      | Gained mutation: A weak demonic guardian rushes to your aid. [demonic ancestry]
   677 | D:1      | Reached XP level 2. HP: 13/22 MP: 1/5
  1163 | D:1      | Reached XP level 3. HP: 10/27 MP: 6/6
  1445 | D:2      | Found a radiant altar of Vehumet.
  1458 | D:2      | Became a worshipper of Vehumet
  1543 | D:2      | Reached skill level 3 in Spellcasting
  1588 | D:2      | Learned a level 3 spell: Conjure Flame
  2141 | D:2      | Gained mutation: You are partially covered in large bone plates. (SH +4) [demonic ancestry]
  2141 | D:2      | Reached XP level 4. HP: 33/33 MP: 9/9
  2580 | D:2      | Slain by a gnoll

Skill      XL: |  1  2  3 |
---------------+----------+-----
Fighting       | 1 2 |  2.0
Spellcasting   | 3 |  3.9
Dodging        | |  1.7
Stealth        | |  1.7
Conjurations   | |  1.0
Fire Magic     | |  2.6

Action                   |  1- 3 |  4- 6 || total
-------------------------+-------+-------++-------
Melee: Short sword       |    15 |       ||    15
       Mace              |    35 |       ||    35
       Unarmed           |     7 |       ||     7
       Spear             |    43 |    31 ||    74
 Cast: Flame Tongue      |    40 |     8 ||    48
       Conjure Flame     |     1 |     2 ||     3
  Use: Scroll            |     3 |       ||     3
       Potion            |     1 |       ||     1
 Stab: Sleeping          |     2 |       ||     2
       Distracted        |       |     1 ||     1
  Eat: Chunk             |     4 |     2 ||     6
Armor: Robe              |    16 |     4 ||    20
Dodge: Dodged            |    75 |     8 ||    83
Block: Other             |       |     3 ||     3
